 Dungeon Crawl Stone Soup version 0.29.1-15-g9cfb28693d (webtiles) character file.

Game seed: 12011265870846467026

2703 Smoke131 the Firebug (level 9, 0/79 HPs)
             Began as a Green Draconian Fire Elementalist on Apr 13, 2023.
             Was a Follower of Vehumet.
             Slain by an orc warlord
             ... wielding a +4 battleaxe
              (25 damage)
             ... in a bailey on Apr 14, 2023.
             The game lasted 00:17:47 (7729 turns).

Smoke131 the Firebug (DrFE)                         Turns: 7729, Time: 00:17:48

Health: 0/79       AC: 12    Str: 15    XL:     9   Next: 38%
Magic:  1/16       EV: 12    Int: 23    God:    Vehumet [*.....]
Gold:   189        SH:  0    Dex: 15    Spells: 8/18 levels left

rFire   . . .      SeeInvis .   n - +7 rapier "Qotosib" {freeze, Str+4 Int+4 Dex+3}
rCold   + . .      Faith    .   (no shield)
rNeg    . . .      Spirit   .   (body armour unavailable)
rPois   +          Reflect  .   (helmet restricted)
rElec   .          Harm     .   (no cloak)
rCorr   .          Rampage  .   c - +0 pair of gloves
Will    .....                   (no boots)
Stlth   ++........              (no amulet)
HPRegen 0.23/turn               k - ring of protection from cold
MPRegen 0.15/turn               s - +4 ring of protection

@: short of breath
A: breathe noxious fumes, AC +7, unfitting armour, poison resistance,
cold-blooded
a: Breathe Noxious Fumes, Renounce Religion


You were in a bailey.
You worshipped Vehumet.
Vehumet was aware of your devotion.
You visited 2 branches of the dungeon, and saw 8 of its levels.
You also visited: Bailey.

You collected 405 gold pieces.
You spent 216 gold pieces at shops.

Inventory:

Hand Weapons
 n - the +7 rapier "Qotosib" (weapon) {freeze, Str+4 Int+4 Dex+3}
   (You bought it in a shop on level 2 of the Dungeon)

   It freezes those it strikes, dealing additional cold damage.
   It can also slow down cold-blooded creatures.
   Str:       It affects your strength (+4).
   Int:       It affects your intelligence (+4).
   Dex:       It affects your dexterity (+3).
Armour
 c - a +0 pair of gloves (worn)
Jewellery
 k - a ring of protection from cold (left hand)
 o - a +4 ring of slaying
 s - a +4 ring of protection (right hand)
Wands
 i - a wand of paralysis (7)
 u - a wand of flame (10)
Scrolls
 e - a scroll of fog
 h - a scroll of amnesia {unknown}
 t - a scroll of blinking {unknown}
 v - a scroll of enchant armour {unknown}
 w - a scroll of teleportation {unknown}
 x - a scroll of enchant weapon
Potions
 a - 3 potions of magic
 b - 2 potions of berserk rage {unknown}
 d - a potion of mutation
 f - 5 potions of curing
 g - a potion of invisibility {unknown}
 j - 3 potions of attraction {unknown}
 l - 2 potions of might {unknown}
 m - a potion of flight {unknown}
 p - a potion of brilliance {unknown}
 q - a potion of lignification {unknown}


   Skills:
 + Level 7.2 Fighting
 - Level 2.0 Dodging
 - Level 2.0 Stealth
 - Level 5.0 Spellcasting
 + Level 6.8 Conjurations
 + Level 7.5 Fire Magic


You had 8 spell levels left.
You knew the following spells:

 Your Spells              Type           Power      Damage    Failure   Level
a - Foxfire               Conj/Fire      100%       2x1d9     1%          1
b - Scorch                Fire           80%        2d9       1%          2
c - Conjure Flame         Conj/Fire      38%        6-21      1%          3
d - Flame Wave            Conj/Fire      38%        2d10      4%          4

Your spell library contained the following spells:

 Spells                   Type           Power      Damage    Failure   Level
 Magic Dart               Conj           100%       1d8       1%          1
 Inner Flame              Hex/Fire       23%        N/A       6%          3
 Stone Arrow              Conj/Erth      42%        3d9       7%          3
 Lehudib's Crystal Spear  Conj/Erth      10%        10d4      100%        8
 Animate Armour           Summ/Erth      Unusable   N/A       N/A         4

Dungeon Overview and Level Annotations

Branches:
Dungeon (7/15)             Temple (1/1) D:5          Bailey (1/1)

Altars:
Ashenzari
Dithmenos
Elyvilon
Fedhas
Gozag
Hepliaklqana
Kikubaaqudgha
Makhleb
Nemelex Xobeh
Okawaru
Qazlal
Ru
Sif Muna
Trog
Uskayaw
Vehumet
Xom
Yredelemnul
The Shining One

Shops:
D:2 (   D:4 !

Annotations:
D:3 3 runed translucent doors, hawla's ghost, amateur MeIE


Innate Abilities, Weirdness & Mutations

You can breathe blasts of noxious fumes.
Your lurid green scales are hard. (AC +7)
You cannot fit into any form of body armour.
Your system is resistant to poisons. (rPois)
You are cold-blooded and may be slowed by cold attacks.


Message History

As you read the scroll of fear, it crumbles to dust.
You assume a fearsome visage.
The orc warlord looks frightened!
The orc warlord is engulfed in noxious fumes.
Casting: Scorch (safe; 1% risk of failure)
Confirm with . or Enter, or press ? or * to list all spells.
Flames lash the orc warlord.
The orc warlord is burned terribly!
Your attack snaps the orc warlord out of its fear.
The orc warlord is lightly wounded.
The orc warlord is engulfed in a cloud of scalding steam.
Casting: Scorch (safe; 1% risk of failure)
Confirm with . or Enter, or press ? or * to list all spells.
Flames lash the orc warlord.
The orc warlord is burned terribly!
The orc warlord is moderately wounded.
The orc warlord hits you with a +4 battleaxe.
Casting: Scorch (safe; 1% risk of failure)
Confirm with . or Enter, or press ? or * to list all spells.
Flames lash the orc warlord.
The orc warlord is burned terribly!
The orc warlord is moderately wounded.
The orc warlord hits you with a +4 battleaxe!!
Casting: Scorch (safe; 1% risk of failure)
Confirm with . or Enter, or press ? or * to list all spells.
Flames lash the orc warlord.
The orc warlord is burned terribly!
The orc warlord is heavily wounded.
The orc warlord hits you with a +4 battleaxe!
Casting: Scorch (safe; 1% risk of failure)
Confirm with . or Enter, or press ? or * to list all spells.
Flames lash the orc warlord.
The orc warlord is burned terribly!
The orc warlord is heavily wounded.
The orc warlord hits you with a +4 battleaxe!!
Casting: Scorch (safe; 1% risk of failure)
Confirm with . or Enter, or press ? or * to list all spells.
Flames lash the orc warlord.
The orc warlord is burned terribly!
The orc warlord is heavily wounded.
The orc warlord hits you with a +4 battleaxe.
Aiming: Paralyse
Press: ? - help, Shift-Dir - straight line, f/p - orc warlord
Aim: an orc warlord, wielding a +4 battleaxe and wearing a +0 chain mail (heavily wounded, more vulnerable to fire, chance to affect: 17%)
The orc warlord resists with almost no effort.
The orc warlord hits you with a +4 battleaxe!!
You die...

8....'.....'..........#
...#########......8...#
..##~~~ ~~####......##
..#~:.. .~#~~#.....##
..#~?........~#....##
..##8.8...8.8~##...#
...#.........~~'...#
...#....∩....~~'...#
...#o.. .....~~o@..#
..##8.8 ..8.8~##...#
..#~!.. .....~#....##
..# ).. .~#~~#.....##
..## ####......##
...#########......8...#
8....')....'..........#
.....#~~~~~#..........#
.....#~~~~~#...8..8..##


You could see an orc warlord (combustible).

Vanquished Creatures
  Pikel (D:5)
  An orc knight (Bailey)
  Grinder (D:5)
  A steam dragon (D:6)
  Duvessa (D:4)
  An ice beast (D:6)
  An ogre (D:2)
  2 orc warriors (Bailey)
  A centaur (D:5)
  A phantom (D:5)
  3 lemures (D:5)
  3 scorpions
  Dowan (D:4)
  6 killer bees (D:5)
  3 electric eels (D:6)
  2 hounds
  An orc wizard (D:6)
  5 gnolls
  3 adders
  An ufetubus (D:4)
  2 worms
  A dart slug (D:2)
  10 orcs
  2 ball pythons
  7 bats
  4 endoplasms
  3 giant cockroaches
  16 goblins
  12 hobgoblins
  5 jackals
  14 kobolds
  2 quokkas
  3 frilled lizards (D:2)
  5 rats
125 creatures vanquished.

Vanquished Creatures (collateral kills)
  5 foxfires (D:6)
5 creatures vanquished.

Vanquished Creatures (others)
  123 foxfires
  8 plants (D:6)
131 creatures vanquished.

Grand Total: 261 creatures vanquished

Notes
Turn   | Place    | Note
-------+----------+-------------------------------------------
     0 | D:1      | Smoke131 the Draconian Fire Elementalist began the quest
                  | for the Orb.
     0 | D:1      | Reached XP level 1. HP: 14/14 MP: 3/3
     6 | D:1      | Noticed a swamp worm
     6 | D:1      | Noticed a hog
     6 | D:1      | Noticed a black mamba
     7 | D:1      | Noticed a komodo dragon
     7 | D:1      | Noticed a polar bear
   281 | D:1      | Reached XP level 2. HP: 19/22 MP: 1/5
  1004 | D:1      | Learned a level 2 spell: Scorch
  1036 | D:2      | Reached skill level 1 in Fighting
  1036 | D:2      | Reached XP level 3. HP: 28/28 MP: 1/6
  1256 | D:2      | Noticed a scorpion
  1534 | D:2      | Found Dalod's Antique Weapon Boutique.
  1549 | D:2      | Reached XP level 4. HP: 35/35 MP: 3/7
  1653 | D:2      | Noticed an ogre
  1681 | D:2      | Killed an ogre
  1682 | D:2      | Reached XP level 5. HP: 34/41 MP: 0/9
  2250 | D:3      | Learned a level 3 spell: Conjure Flame
  2537 | D:3      | Found a shadowy altar of Dithmenos.
  2653 | D:3      | Found a runed translucent gate.
  2653 | D:3      | Found a runed translucent gate.
  2653 | D:3      | Found a runed translucent gate.
  2673 | D:3      | Noticed hawla's ghost (amateur MeIE)
  3625 | D:4      | Found Dudus's Distillery.
  3656 | D:4      | Noticed Duvessa
  3656 | D:4      | Noticed Dowan
  3660 | D:4      | Killed Dowan
  3661 | D:4      | Reached XP level 6. HP: 46/50 MP: 3/11
  3672 | D:4      | Killed Duvessa
  3829 | D:4      | Identified the +5 ring mail "Bammyof" {Fly rPois MP+9
                  | Dex-4}
  4321 | D:2      | Bought a smoking rapier for 216 gold pieces
  4321 | D:2      | Identified the +7 rapier "Qotosib" {freeze, Str+4 Int+4
                  | Dex+3} (You bought it in a shop on level 2 of the Dungeon)
  4430 | D:5      | Entered Level 5 of the Dungeon
  4430 | D:5      | Noticed Grinder
  4441 | D:5      | Killed Grinder
  4442 | D:5      | Your scales start taking on a lurid green colour.
  4442 | D:5      | Reached XP level 7. HP: 40/58 MP: 1/13
  4442 | D:5      | Gained mutation: Your system is resistant to poisons.
                  | (rPois) [Green Draconian growth]
  4667 | D:5      | Noticed Pikel
  4668 | D:5      | Reached skill level 5 in Fire Magic
  4701 | D:5      | Killed Pikel
  4702 | D:5      | Reached skill level 5 in Fighting
  4702 | D:5      | Reached XP level 8. HP: 22/68 MP: 6/15
  4725 | D:5      | Reached skill level 5 in Spellcasting
  4725 | D:5      | Reached skill level 5 in Conjurations
  5030 | D:5      | Found a staircase to the Ecumenical Temple.
  5052 | Temple   | Entered the Ecumenical Temple
  5290 | D:5      | Found a radiant altar of Vehumet.
  5309 | D:5      | Became a worshipper of Vehumet
  5465 | D:5      | Found a glowing golden altar of the Shining One.
  5477 | D:5      | Found a stormy altar of Qazlal.
  6103 | D:6      | Found a sparkling altar of Nemelex Xobeh.
  6342 | D:6      | Reached XP level 9. HP: 78/78 MP: 9/16
  7076 | D:7      | Found a flagged portal.
  7091 | D:7      | Learned a level 4 spell: Flame Wave
  7097 | Bailey   | Entered a bailey
  7134 | Bailey   | Reached * piety under Vehumet
  7134 | Bailey   | Offered knowledge of Magic Dart by Vehumet.
  7260 | Bailey   | Noticed an orc warlord
  7440 | Bailey   | Found a runed translucent gate.
  7442 | Bailey   | Found a runed translucent gate.
  7444 | Bailey   | Found a runed translucent gate.
  7473 | Bailey   | Noticed an orc knight
  7481 | Bailey   | Killed an orc knight
  7729 | Bailey   | Slain by an orc warlord

Illustrated notes

Levels and vault maps discovered:
D:1:      onia_arrival_zoo_common, layout_loops_cross, hangedman_decor_growths
D:2:      layout_rooms, serial_shops, nicolae_shop_waterfront
D:3:      layout_basic, nicolae_dithmenos_shadow_blocks,
          gammafunk_ghost_necromancy, minmay_hedge_maze, corner_web_ring,
          reono_crystal_passage
D:4:      layout_loops_corners, serial_shops, nicolae_shop_trees, uniq_duvessa
D:5:      layout_basic, vehumet_crystals, mainiacjoe_overflow_catwalk_spiral,
          minmay_temple_entry_waves, uniq_pikel, uniq_grinder
D:6:      layout_loops_cross, lemuel_tele_altar, serial_bayou,
          serial_bayou_pond_d, serial_bayou_lagoon_a, serial_bayou_lagoon_b,
          serial_bayou_pond_a, sigmund_army
D:7:      layout_loops_corners, enter_bailey_3
Temple:   eino_temple_water
Bailey:   bailey_axe_bossmonster_kennysheep, bailey

Skill      XL: |  1  2  3  4  5  6  7  8  9 |
---------------+----------------------------+-----
Stealth        | 2 |  2.0
Dodging        | 2 |  2.0
Fighting       | 1 2 3 5 6 7 |  7.2
Conjurations   | 2 3 4 6 |  6.8
Spellcasting   | 3 4 5 |  5.0
Fire Magic     | 4 5 6 7 |  7.5

Action                   |  1- 3 |  4- 6 |  7- 9 || total
-------------------------+-------+-------+-------++-------
Melee: Spear             |    65 |    47 |       ||   112
       Unarmed           |     4 |       |       ||     4
       Punch             |     1 |       |     3 ||     4
       Tailslap          |     3 |    13 |    25 ||    41
       Short sword       |       |    50 |       ||    50
       Rapier            |       |     4 |   127 ||   131
 Cast: Foxfire           |    32 |    10 |    39 ||    81
       Scorch            |    10 |    18 |    38 ||    66
       Conjure Flame     |       |       |     1 ||     1
 Abil: Breathe Noxious F |       |       |     6 ||     6
Evoke: Wand              |       |     3 |     2 ||     5
  Use: Scroll            |       |     5 |     6 ||    11
       Potion            |       |       |     1 ||     1
 Stab: Sleeping          |     4 |     1 |     1 ||     6
       Paralysed         |       |     8 |     1 ||     9
       Confused          |       |       |     5 ||     5
Armor: Skin              |    41 |    45 |    43 ||   129
Dodge: Dodged            |    87 |    83 |    84 ||   254
